 Dungeon Crawl Stone Soup version 0.18-a0-1526-gcb34c7c (webtiles) character file.

63 dorian the Distorting Ant (level 4, -3/35 HPs)
             Began as a Formicid Abyssal Knight on Mar 8, 2016.
             Was a Believer of Lugonu.
             Slain by Ijyb (4 damage)
             ... on level 2 of the Dungeon.
             The game lasted 00:03:10 (1857 turns).

dorian the Distorting Ant (Formicid Abyssal Knight) Turns: 1857, Time: 00:03:10

Health: -3/35      AC:  6    Str: 17    XL:     4   Next: 30%
Magic:  7/7        EV:  9    Int: 12    God:    Lugonu [**....]
Gold:   40         SH:  0    Dex: 10    Spells: 0 memorised, 3 levels left

rFire  . . .     SeeInvis +     a - +1 hand axe
rCold  . . .     Gourm    .     l - +0 scale mail
rNeg   . . .     Faith    .     (no shield)
rPois  .         Spirit   .     (helmet unavailable)
rElec  .         Dismiss  .     (no cloak)
rCorr  .         Reflect  .     (no gloves)
SustAt .         Harm     .     (no boots)
MR     .....                    (no amulet)
Stlth  ..........               (no ring)
                                (no ring)

@: not resistant to hostile enchantments, extremely unstealthy
A: permanent stasis, dig shafts and tunnels, four strong arms, antennae 3
a: Dig, Shaft Self, Depart the Abyss, Bend Space, Renounce Religion


You were on level 2 of the Dungeon.
You worshipped Lugonu.
Lugonu was pleased with you.
You were very hungry.

You visited 1 branch of the dungeon, and saw 2 of its levels.
You visited the Abyss 1 time.

You collected 40 gold pieces.

Inventory:

Hand Weapons
 a - a +1 hand axe (weapon)
Armour
 b - a +0 leather armour
 e - a +0 large shield
 l - a +0 scale mail (worn)
Scrolls
 d - 7 scrolls of identify {unknown}
 g - 2 scrolls of amnesia {unknown}
 h - a scroll of remove curse {unknown}
 i - a scroll of teleportation {unknown}
 j - a scroll of immolation {unknown}
 k - a scroll of random uselessness {unknown}
 o - a scroll of recharging {unknown}
Comestibles
 c - a bread ration
 f - a beef jerky


   Skills:
 - Level 3.2 Fighting
 + Level 2.8 Axes
 - Level 2.1 Armour
 - Level 0.8 Dodging
 * Level 4.3 Invocations


You had 3 spell levels left.
You didn't know any spells.

Dungeon Overview and Level Annotations

Branches:
Dungeon (2/15)

Altars:
Nemelex Xobeh

Annotations:
D:2 Ijyb


Innate Abilities, Weirdness & Mutations

You are under a permanent stasis effect.
You can dig through walls and to a lower floor.
Your four strong arms can wield two-handed weapons with a shield.
You have a pair of large antennae on your head (SInv).


Message History

Ijyb hits you but does no damage.
You closely miss Ijyb.
Ijyb is almost dead.
Ijyb hits you but does no damage. Ijyb closely misses you.
You closely miss Ijyb.
Ijyb is almost dead.
Ijyb screams, "I no like you!" Ijyb hits you.
* * * LOW HITPOINT WARNING * * *
You barely miss Ijyb.
Ijyb is almost dead.
Ijyb hits you.
* * * LOW HITPOINT WARNING * * *
You miss Ijyb.
Ijyb is almost dead.
Ijyb hits you but does no damage.
You closely miss Ijyb.
Ijyb is almost dead.
Ijyb hits you.
You die...

#.#####.. { #....†...
#######(. ########.. ###
.......... ### ##<##
#########. ..# ##.#.## #.
#.# ###.###.## #. #.#
#.).@g##.###########.
###.###.###†...............
#.(.........##.############
#.#.###.#.#.#.## #.#
#.......######## #g#
#####...........
#.#########.########
#...g....##.# #.######)##.#


You could see Ijyb.

Vanquished Creatures
  Robin (D:2)
  A worm (D:2)
  2 dart slugs
  A giant gecko (D:1)
  A ball python (D:1)
  2 giant cockroaches (D:2)
  6 goblins (D:2)
  13 hobgoblins
  3 kobolds (D:1)
  4 bats
  5 rats
39 creatures vanquished.

Notes
Turn   | Place    | Note
--------------------------------------------------------------
     0 | Abyss:1  | dorian the Formicid Abyssal Knight began the quest for the Orb.
     0 | Abyss:1  | Reached XP level 1. HP: 18/18 MP: 2/2
     9 | D:1      | Escaped the Abyss
   191 | D:1      | Reached XP level 2. HP: 16/24 MP: 4/4
   246 | D:1      | Reached skill level 3 in Invocations
   565 | D:1      | Found a sparkling altar of Nemelex Xobeh.
  1324 | D:2      | Reached XP level 3. HP: 27/29 MP: 5/5
  1394 | D:2      | Reached ** piety under Lugonu
  1529 | D:2      | Noticed Ijyb
  1529 | D:2      | Noticed Robin
  1599 | D:2      | Reached skill level 4 in Invocations
  1608 | D:2      | Reached XP level 4. HP: 13/35 MP: 7/7
  1826 | D:2      | Killed Robin
  1855 | D:2      | HP: 1/35 [Ijyb (2)]
  1857 | D:2      | Slain by Ijyb

Vault maps used:
D:1:      minmay_arrival_doors, minmay_misc_feat_encased,
          nemelex_diamond_rough_becter
D:2:      xom_teletrap_fun, first_bread, uniq_iyjb, uniq_robin, uniq_terence

Skill      XL: |  1  2  3 |
---------------+----------+-----
Invocations    | 3 4 |  4.3
Fighting       | |  3.2
Axes           | |  2.8
Armour         | |  2.1
Dodging        | |  0.8

Action                   |  1- 3 |  4- 6 || total
-------------------------+-------+-------++-------
Melee: Hand axe          |   129 |    40 ||   169
  Use: Potion            |       |     1 ||     1
  Eat: Chunk             |     2 |       ||     2
